 Dungeon Crawl Stone Soup version 0.30-a0-1164-ge08a67761e (webtiles) character file.

Game seed: 2123851466692623625

3966 funkygono the Arsonist (level 10, 0/52 HPs)
             Began as a Gargoyle Fire Elementalist on Apr 29, 2023.
             Was a Priest of Vehumet.
             Slain by a gargoyle
             ... wielding a +0 morningstar
              (15 damage)
             ... on level 8 of the Dungeon.
             The game lasted 00:14:45 (8299 turns).

funkygono the Arsonist (Gargoyle Fire Elementalist) Turns: 8299, Time: 00:14:46

Health: 0/52       AC: 19    Str: 21    XL:     10   Next: 22%
Magic:  6/31       EV: 12    Int: 19    God:    Vehumet [***...]
Gold:   474        SH:  0    Dex: 10    Spells: 12/26 levels left

rFire   . . .        C - +11 mace of Alukhlad {flame, Str+3 Stlth+}
rCold   . . .        (no shield)
rNeg    + . .        v - +2 robe {Will+}
rPois   ∞            a - +2 helmet "Ydghesomp" {Str+5}
rElec   +            g - +0 cloak
rCorr   .            x - +2 pair of gloves
SInv    .            i - +0 pair of boots
Will    +....        (no amulet)
Stlth   +++          r - ring of wizardry
HPRegen 0.28/turn    e - ring of magical power
MPRegen 0.22/turn

%: wizardry (x1)
@: no status effects
A: sickness immunity, AC +7, negative energy resistance 1, electricity
resistance, torment resistance 1, petrification resistance
a: Renounce Religion


You were on level 8 of the Dungeon.
You worshipped Vehumet.
Vehumet was most pleased with you.
You visited 2 branches of the dungeon, and saw 9 of its levels.
You also visited: Ossuary.

You collected 474 gold pieces.

Inventory:

Hand Weapons
 d - a +2 heavy mace
 h - a +1 mace
 C - the +11 mace of Alukhlad (weapon) {flame, Str+3 Stlth+}
   (You took it off a gnoll bouda on level 7 of the Dungeon)

   Str:       It affects your strength (+3).
   Stlth:     It makes you more stealthy.
Missiles
 p - 3 throwing nets (quivered)
Armour
 a - the +2 helmet "Ydghesomp" (worn) {Str+5}
   (You acquired it on level 5 of the Dungeon)

   Str:       It affects your strength (+5).
 g - a +0 cloak (worn)
 i - a +0 pair of boots (worn)
 v - a +2 robe of willpower (worn)
 x - a +2 pair of gloves (worn)
Jewellery
 e - a ring of magical power (right hand)
 k - a ring of protection from cold
 l - a ring of ice
 o - a +6 ring of strength
 r - a ring of wizardry (left hand)
Wands
 s - a wand of charming (8)
 y - a wand of digging (6)
 z - a wand of roots (6)
 A - a wand of mindburst (18)
Scrolls
 f - a scroll of butterflies
 t - a scroll of teleportation
 w - 2 scrolls of silence {unknown}
 B - 2 scrolls of identify
 D - a scroll of enchant weapon
 E - 3 scrolls of fear {unknown}
Potions
 b - 2 potions of magic
 c - 6 potions of haste
 j - 2 potions of invisibility
 m - 3 potions of brilliance
 n - a potion of might
 q - 2 potions of curing


   Skills:
 + Level 1.5 Fighting
 + Level 1.7 Maces & Flails
 + Level 2.4 Dodging
 + Level 3.3 Stealth
 + Level 0.3 Unarmed Combat
 + Level 8.8 Spellcasting
 + Level 6.3 Conjurations
 + Level 9.0 Fire Magic


You had 12 spell levels left.
You knew the following spells:

 Your Spells              Type           Power      Damage    Failure   Level
a - Foxfire               Conj/Fire      100%       2x1d9     1%          1
b - Scorch                Fire           84%        2d9       1%          2
c - Volatile Blastmotes   Fire/Tloc      50%        2d14      1%          3
d - Flame Wave            Conj/Fire      37%        2d10      1%          4
e - Freeze                Ice            32%        1d5       1%          1
f - Sandblast             Erth           16%        2d6       1%          1
g - Searing Ray           Conj           64%        2d6       1%          2

Your spell library contained the following spells:

 Spells                   Type           Power      Damage    Failure   Level
 Kiss of Death            Conj/Necr      80%        2d11      1%          1
 Inner Flame              Hex/Fire       25%        N/A       1%          3
 Necrotise                Necr           32%        1d5       3%          1
 Lesser Beckoning         Tloc           16%        N/A       5%          2
 Confusing Touch          Hex            8%         N/A       11%         3
 Gell's Gravitas          Tloc           8%         N/A       11%         3
 Teleport Other           Tloc           8%         N/A       11%         3
 Vampiric Draining        Necr           8%         2d6       11%         3
 Dispel Undead            Necr           8%         3d8       32%         4
 Iron Shot                Conj/Erth      10%        9d3       32%         6
 Agony                    Necr           8%         N/A       65%         5
 Eringya's Noxious Bog    Tmut/Pois      4%         N/A       71%         6


Dungeon Overview and Level Annotations

Branches:
Dungeon (8/15)             Temple (1/1) D:4         Ossuary (visited)
   Lair: D:8-11

Altars:
Ashenzari
Cheibriados
Elyvilon
Fedhas
Gozag
Hepliaklqana
Kikubaaqudgha
Makhleb
Nemelex Xobeh
Okawaru
Qazlal
Sif Muna
Trog
Uskayaw
Vehumet
Wu Jian
Xom
Yredelemnul
Zin
The Shining One

Shops:
D:3 [


Innate Abilities, Weirdness & Mutations

You are immune to sickness and miasma.
Your stone body is resilient. (AC +7)
You are immune to poison.
You resist negative energy. (rN+)
You are resistant to electric shocks. (rElec)
You are resistant to unholy torment.
You are immune to petrification.


Message History

A wave of flame ripples out!
The flame wave engulfs the tengu warrior!
You kill the tengu warrior!
Vehumet accepts your kill.
The flame wave engulfs the gargoyle but does no damage.
You finish channelling waves of flame.
The gargoyle barely misses you.
Your Fire Magic skill increases to level 9!
You feel much better.
The gargoyle hits you with a +0 morningstar.
Casting: Flame Wave (dangerous; 1% risk of failure)
Confirm with . or Enter, or press ? or * to list all spells.
Flames lash the gargoyle.
The gargoyle is heavily damaged.
The gargoyle's fire resistance burns away.
The gargoyle hits you with a +0 morningstar.
Casting: Scorch (safe; 1% risk of failure)
Confirm with . or Enter, or press ? or * to list all spells.
Flames lash the gargoyle but do no damage.
The gargoyle barely misses you.
Casting: Scorch (safe; 1% risk of failure)
Confirm with . or Enter, or press ? or * to list all spells.
Flames lash the gargoyle but do no damage.
The gargoyle barely misses you.
Your magical contamination has completely faded away.
Casting: Scorch (safe; 1% risk of failure)
Confirm with . or Enter, or press ? or * to list all spells.
Flames lash the gargoyle but do no damage.
The gargoyle hits you with a +0 morningstar.
* * * LOW HITPOINT WARNING * * *
Casting: Scorch (safe; 1% risk of failure)
Confirm with . or Enter, or press ? or * to list all spells.
Flames lash the gargoyle.
The gargoyle is heavily damaged.
The gargoyle misses you.
Casting: Scorch (safe; 1% risk of failure)
Confirm with . or Enter, or press ? or * to list all spells.
Flames lash the gargoyle but do no damage.
An orc wizard comes into view. It is wielding a +0 dagger.
The gargoyle hits you with a +0 morningstar!
You die...

.. .## ...#..# #######
...#...###.#...##
.......#........# ..
...............###....
..........##......#....
......).##.....##.#.....
o.....9@................
......)#..#.............
......###.##............
.....# ####.......#. ..
..... ###.....# .. ....
#.....##... ...
###..##...# ...
#......... #.........


You could see a gargoyle (combustible) and an orc wizard.

Vanquished Creatures
  A tengu warrior (D:8)
  A hornet (D:7)
  Grinder (D:6)
  Sigmund (D:5)
  Eustachio (D:5)
  A wyvern (D:7)
  A vampire mosquito (D:8)
  Menkaure (D:7)
  3 water moccasins
  An orc warrior (D:7)
  An ice beast (D:7)
  2 black bears
  An ogre (D:5)
  4 centaurs
  A phantom (D:5)
  An elf zombie (Ossuary)
  A kobold brigand (D:7)
  2 scorpions
  A howler monkey (D:8)
  2 human zombies (Ossuary)
  2 centaur zombies (Ossuary)
  A hound (D:4)
  An orc priest (D:6)
  2 gnoll boudas (D:7)
  3 jellies
  2 sleepcaps
  An iguana (D:6)
  Terence (D:3)
  An orc wizard (D:8)
  3 mummies
  11 gnolls
  4 adders
  An ufetubus (D:5)
  2 adder zombies (Ossuary)
  4 worms
  6 dart slugs
  29 orcs
  6 ball pythons
  6 endoplasms
  8 goblins
  8 hobgoblins
  4 jackals (D:1)
  3 quokkas
  3 bats
  2 frilled lizards
  9 hobgoblin zombies (Ossuary)
  3 jackal zombies (Ossuary)
  14 kobolds
  9 kobold zombies
  10 orc zombies
  4 rats
  A rat zombie (Ossuary)
192 creatures vanquished.

Vanquished Creatures (others)
  648 foxfires
648 creatures vanquished.

Grand Total: 840 creatures vanquished

Notes
Turn   | Place    | Note
-------+----------+-------------------------------------------
     0 | D:1      | funkygono the Gargoyle Fire Elementalist began the quest
                  | for the Orb.
     0 | D:1      | Reached XP level 1. HP: 10/10 MP: 3/3
   131 | D:1      | Reached XP level 2. HP: 15/15 MP: 0/5
   357 | D:1      | Found a faded altar of an unknown god.
   438 | D:1      | Learned a level 2 spell: Scorch
  1013 | D:2      | Reached XP level 3. HP: 19/19 MP: 3/6
  1017 | D:2      | Learned a level 3 spell: Volatile Blastmotes
  1527 | D:2      | Reached XP level 4. HP: 24/24 MP: 7/7
  1697 | D:2      | Reached skill level 4 in Fire Magic
  2321 | D:3      | Reached XP level 5. HP: 28/28 MP: 9/9
  2419 | D:3      | Learned a level 4 spell: Flame Wave
  2476 | D:3      | Found Poasiess's Antique Armour Shoppe.
  2611 | D:3      | Found a burning altar of Makhleb.
  2899 | D:3      | Noticed Terence
  2932 | D:3      | Killed Terence
  3304 | D:4      | Found a bloodstained altar of Trog.
  3304 | D:4      | Found a sparkling altar of Nemelex Xobeh.
  3563 | D:4      | Reached XP level 6. HP: 27/32 MP: 9/12
  3736 | D:4      | Found a staircase to the Ecumenical Temple.
  3745 | Temple   | Entered the Ecumenical Temple
  3836 | Temple   | Became a worshipper of Vehumet
  4473 | D:5      | Entered Level 5 of the Dungeon
  4660 | D:5      | Found a sand-covered staircase.
  4704 | Ossuary  | Entered an ossuary
  4965 | Ossuary  | Reached * piety under Vehumet
  4965 | Ossuary  | Offered knowledge of Freeze by Vehumet.
  4973 | Ossuary  | Learned a level 1 spell: Freeze
  5106 | Ossuary  | Reached XP level 7. HP: 30/36 MP: 5/13
  5135 | Ossuary  | Reached skill level 5 in Fire Magic
  5622 | D:5      | Reached skill level 5 in Spellcasting
  5817 | D:5      | Noticed Eustachio
  5826 | D:5      | Killed Eustachio
  5831 | D:5      | Reached skill level 1 in Maces & Flails
  5831 | D:5      | Reached XP level 8. HP: 41/42 MP: 10/16
  5944 | D:5      | Noticed Sigmund
  5954 | D:5      | Killed Sigmund
  5955 | D:5      | Reached skill level 1 in Fighting
  5955 | D:5      | Reached skill level 6 in Fire Magic
  6451 | D:5      | Identified a scroll of acquirement
  6451 | D:5      | Acquired the +2 helmet "Ydghesomp" {Str+5}
  6499 | D:6      | Offered knowledge of Sandblast by Vehumet.
  6549 | D:6      | Reached ** piety under Vehumet
  6853 | D:6      | Reached skill level 7 in Fire Magic
  6853 | D:6      | Reached XP level 9. HP: 43/47 MP: 2/19
  7132 | D:6      | Noticed Grinder
  7139 | D:6      | Killed Grinder
  7236 | D:6      | Found an iron altar of Okawaru.
  7296 | D:6      | Learned a level 1 spell: Sandblast
  7440 | D:7      | Offered knowledge of Searing Ray by Vehumet.
  7520 | D:7      | Noticed Menkaure
  7525 | D:7      | Killed Menkaure
  7526 | D:7      | Reached skill level 5 in Conjurations
  7648 | D:7      | Reached *** piety under Vehumet
  7905 | D:7      | Noticed a hornet
  7913 | D:7      | Killed a hornet
  7914 | D:7      | Reached skill level 8 in Fire Magic
  7934 | D:7      | Got the Treatise on the Remoulded Fault
  7945 | D:7      | Learned a level 2 spell: Searing Ray
  7956 | D:7      | Identified the +11 mace of Alukhlad {flame, Str+3 Stlth+}
  8192 | D:8      | Reached XP level 10. HP: 52/52 MP: 22/22
  8277 | D:8      | Noticed a tengu warrior
  8281 | D:8      | Noticed a gargoyle
  8291 | D:8      | HP: 2/52 [tengu warrior/+0 long sword (2)]
  8292 | D:8      | Killed a tengu warrior
  8293 | D:8      | Reached skill level 9 in Fire Magic
  8299 | D:8      | Slain by a gargoyle

Illustrated notes

Levels and vault maps discovered:
D:1:      dpeg_arrival_rhombus, layout_loops_ring, ebering_ecumenical_altar_hall
D:2:      layout_basic
D:3:      layout_loops_cross, lemuel_tele_altar, serial_shops, shop,
          uniq_terence
D:4:      layout_basic, nicolae_overflow_two_pavilions,
          minmay_temple_entry_drinking_statues
D:5:      layout_basic, nicolae_ossuary_entry_giza, minmay_misc_feat_plants,
          uniq_sigmund, uniq_eustachio
D:6:      layout_rooms, okawaru_altar_gauntlet_db, uniq_grinder
D:7:      layout_rooms, st_stairs_6, bh_walls_and_bars, uniq_menkaure
D:8:      minmay_blocky_corners, layout_cave_pools, dpeg_lair_monsters,
          kennysheep_generic_room_11
Temple:   eino_temple_rhombus

Skill      XL: |  1  2  3  4  5  6  7  8  9 10 |
---------------+-------------------------------+-----
Conjurations   | 2 3 4 6 |  6.3
Fire Magic     | 4 5 7 8 9 |  9.0
Spellcasting   | 4 5 6 8 |  8.8
Dodging        | 2 |  2.4
Maces & Flails | 1 |  1.7
Fighting       | 1 |  1.5
Stealth        | 3 |  3.3
Unarmed Combat | |  0.3

Action                     |  1- 3 |  4- 6 |  7- 9 | 10-12 || total
---------------------------+-------+-------+-------+-------++-------
  Melee: Unarmed           |     4 |       |       |       ||     4
         Club              |     9 |       |       |       ||     9
         Mace              |       |     2 |     5 |     4 ||    11
   Cast: Foxfire           |    57 |   139 |   163 |     8 ||   367
         Scorch            |     8 |    41 |    54 |     9 ||   112
         Volatile Blastmot |       |     1 |       |       ||     1
         Flame Wave        |       |       |     4 |     1 ||     5
    Use: Scroll            |       |    11 |     6 |       ||    17
         Potion            |       |       |     1 |     1 ||     2
 Armour: Robe              |    18 |    14 |    38 |    18 ||    88
  Dodge: Dodged            |    25 |    20 |    44 |    19 ||   108

Table legend: (Time is in decaauts)
 A = Elapsed time spent in this place.
 B = Non-inter-level travel time spent in this place.
 C = Inter-level travel time spent in this place.
 D = Time resting spent in this place.
 E = Time spent auto-exploring this place.
 F = Levels seen in this place.
 G = Mean time per level.
                   A        B        C        D        E       F      G
               +--------+--------+--------+--------+--------+-----+--------+
         Total |   8302 |   8120 |    182 |    271 |   6410 |  10 |  830.2 |
       Dungeon |   7425 |   7259 |    166 |    143 |   6072 |   8 |  928.1 |
        Temple |    197 |    181 |     16 |      0 |    162 |   1 |  197.0 |
       Ossuary |    679 |    679 |      0 |    128 |    176 |   1 |  679.0 |
               +--------+--------+--------+--------+--------+-----+--------+

Top non-repeatable levels by time:
     D:5: 1322 daAuts
     D:2: 1168 daAuts
     D:3: 1156 daAuts
     D:4: 999 daAuts
     D:1: 950 daAuts
     D:6: 835 daAuts
     D:7: 812 daAuts
 Ossuary: 679 daAuts
  Temple: 197 daAuts
     D:8: 179 daAuts
